 Dungeon Crawl Stone Soup version 0.32-a0-616-g9348d4545b (webtiles) character file.

Game seed: 15110345334705829320

24 Elsrick the Cudgeller (level 2, -1/22 HPs)
             Began as a Demonspawn Gladiator on Mar 5, 2024.
             Slain by a gnoll
             ... wielding a +0 spear
              (4 damage)
             ... on level 2 of the Dungeon.
             The game lasted 00:02:43 (523 turns).

Elsrick the Cudgeller (Demonspawn Gladiator)         Turns: 523, Time: 00:02:44

Health: -1/22      AC:  4    Str: 14    XL:     2   Next: 79%
Magic:  2/2        EV: 12    Int:  8    God:
Gold:   15         SH:  0    Dex: 14    Spells: 1/1 levels left

rFire   . . .        a - +0 flail
rCold   . . .        (no shield)
rNeg    . . .        b - +0 leather armour
rPois   .            c - +0 helmet
rElec   .            (no cloak)
rCorr   .            (no gloves)
SInv    .            (no boots)
Will    .....        (no amulet)
Stlth   +            (no ring)
HPRegen 0.23/turn    (no ring)
MPRegen 0.08/turn

%: no passive effects
@: no status effects
A: foul stench 1
a: no special abilities


You were on level 2 of the Dungeon.
You visited 1 branch of the dungeon, and saw 2 of its levels.

You collected 15 gold pieces.

Inventory:

Hand Weapons
 a - a +0 flail (weapon)
Missiles
 d - 3 throwing nets (quivered)
 e - a javelin
Armour
 b - a +0 leather armour (worn)
 c - a +0 helmet (worn)
Jewellery
 f - a ring of wizardry
Scrolls
 h - a scroll of amnesia {unknown}
Potions
 g - a potion of curing {unknown}


   Skills:
 + Level 2.0 Fighting
 + Level 3.1 Maces & Flails
 + Level 2.0 Throwing
 + Level 0.6 Armour
 + Level 2.9 Dodging


You had one spell level left.
You didn't know any spells.
Your spell library contained the following spells:

 Spells                   Type           Power      Damage    Failure   Level
 Mercury Vapours          Alch/Air       0%         N/A       63%         2
 Mephitic Cloud           Conj/Alch/Air  0%         N/A       86%         3
 Freezing Cloud           Conj/Ice/Air   0%         6-21      100%        5


Dungeon Overview and Level Annotations

Branches:
Dungeon (2/15)

Altars:

Shops:
D:1 ?


Innate Abilities, Weirdness & Mutations

You may rarely emit foul miasma when damaged in melee.


Message History

Done exploring.
Done exploring.
Things that are here:
a +0 dagger; a goblin corpse; a quokka skeleton
There is a stone staircase leading down here.
You climb downwards.
Found a robe.
Found a stone staircase leading up.
There is a stone staircase leading up here.
Found a stone staircase leading up.
Found 2 stones. 2 gnolls come into view.
The gnoll shouts!
You hear a shout!
A gnoll comes into view. It is wielding a +0 spear.
You hear a shout!
There is a stone staircase leading up here.
The gnoll hits you but does no damage.
You climb upwards.
There is a stone staircase leading down here.
There is a stone staircase leading down here.
You climb downwards.
The gnoll shouts!
Found a pair of runed gloves and a viscous red potion.
There is a stone staircase leading up here.
You climb upwards.
There is a stone staircase leading down here.
You climb downwards.
There is a stone staircase leading up here.
The gnoll hits you from afar with a +0 spear!
The gnoll hits the withered plant with a +0 whip.
The withered plant begins to crumble.
The gnoll hits you with a +0 spear.
You barely miss the gnoll. The gnoll hits you with a +0 spear!
* * * LOW HITPOINT WARNING * * *
The gnoll hits you with a +0 whip.
* * * LOW HITPOINT WARNING * * *
You hit the gnoll.
The gnoll is lightly wounded.
The withered plant crumbles away.
The gnoll hits you from afar with a +0 spear.
You die...

.... .. ....##....#####
..............########.
......# #.............
#....###............
.....+........... #..#
........#
...####.<#####.....##.##
#.....@ßß.............<
......gg.g.ß#...<.......
..#....(ß.P.#.g#[####.##
#.......ß.#.##.#
#.....###.#.##..
.[...... ..#......
#...###!# #.#......#
#... ... .........#
.....#


You could see 3 gnolls.

Vanquished Creatures
  A giant cockroach (D:1)
  3 goblins (D:1)
  4 hobgoblins (D:1)
  2 kobolds (D:1)
  3 quokkas (D:1)
  3 ball pythons (D:1)
  3 bats (D:1)
  A frilled lizard (D:1)
  2 rats (D:1)
22 creatures vanquished.

Notes
Turn   | Place    | Note
-------+----------+-------------------------------------------
     0 | D:1      | Elsrick the Demonspawn Gladiator began the quest for the
                  | Orb.
     0 | D:1      | Reached XP level 1. HP: 16/16 MP: 1/1
   135 | D:1      | Gained mutation: You may rarely emit foul miasma when
                  | damaged in melee. [demonic ancestry]
   135 | D:1      | Reached XP level 2. HP: 22/22 MP: 2/2
   207 | D:1      | Reached skill level 3 in Maces & Flails
   251 | D:1      | Found Paukke's Magic Scroll Shoppe.
   345 | D:1      | Found a faded altar of an unknown god.
   523 | D:2      | Slain by a gnoll

Illustrated notes

Levels and vault maps discovered:
D:1:      lightli_arrival_flooded_house, layout_rooms, serial_shops,
          nicolae_square_shop, chequers_ecumenical_altar_simple_redux
D:2:      layout_basic, basic_altar, serial_undead, serial_undead_b,
          serial_undead_f, serial_undead_c, serial_undead_a, serial_undead_d,
          serial_undead_c, serial_undead_d, serial_undead_d, solitary_fountain,
          minivault_5

Skill      XL: |  1  2 |
---------------+-------+-----
Throwing       | 2 |  2.0
Maces & Flails | 3 |  3.1
Fighting       | |  2.0
Armour         | |  0.6
Dodging        | |  2.9

Action                     || total
---------------------------++-------
  Melee: Flail             ||    67
 Armour: Leather armour    ||    42
  Dodge: Dodged            ||    53

Table legend: (Time is in decaauts)
 A = Elapsed time spent in this place.
 B = Non-inter-level travel time spent in this place.
 C = Inter-level travel time spent in this place.
 D = Time resting spent in this place.
 E = Time spent auto-exploring this place.
 F = Levels seen in this place.
 G = Mean time per level.
                   A        B        C        D        E       F      G
               +--------+--------+--------+--------+--------+-----+--------+
         Total |    542 |    494 |     48 |     14 |    244 |   2 |  271.0 |
       Dungeon |    542 |    494 |     48 |     14 |    244 |   2 |  271.0 |
               +--------+--------+--------+--------+--------+-----+--------+

Top non-repeatable levels by time:
     D:1: 521 daAuts
     D:2: 20 daAuts
